[Event "Titled Tuesday Blitz April 05 Late 2022"]
[White "Galego, Luis"]
[Black "Rosen, Eric"]
[WhiteFideId "1900072"]
[BlackFideId "2032562"]
[WhiteElo "2516"]
[BlackElo "2362"]
[Result "0-1"]
[Round "11"]
[TimeControl "180+1"]
[Date "2022.04.05"]
[WhiteClock "0:02:10"]
[BlackClock "0:02:05"]

1. e4 e5 2. Nf3 Nf6 3. Nc3 Bc5 4. g3 Ng4 5. d4 exd4 6. Na4 Bb4+ 7. c3 dxc3 8. bxc3 Qf6 9. cxb4 Qxa1 10. h3 Ne5 11. Nd4 Qxd4 0-1


[Site "https://www.chess.com"]

[Event "Titled Tuesday Blitz April 05 Late 2022"]
[White "Gogolev, Artem"]
[Black "Kosakowski, Jakub"]
[WhiteFideId "4116615"]
[BlackFideId "1185080"]
[WhiteElo "2126"]
[BlackElo "2454"]
[Result "0-1"]
[Round "11"]
[TimeControl "180+1"]
[Date "2022.04.05"]
[WhiteClock "0:00:08"]
[BlackClock "0:00:22"]

1. d4 d5 2. c4 e5 3. e3 exd4 4. exd4 Nf6 5. Nc3 Bb4 6. Bd3 O-O 7. Ne2 dxc4 8. Bxc4 Bg4 9. O-O Nc6 10. Bg5 h6 11. Bh4 Re8 12. f3 Bf5 13. a3 Bxc3 14. bxc3 g5 15. Bf2 Qd7 16. Re1 Nd5 17. Qd2 Bg6 18. Ba2 b5 19. Ng3 Nf4 20. Ne4 Kg7 21. Bg3 Qf5 22. a4 a6 23. Bb1 b4 24. cxb4 Rad8 25. Bf2 g4 26. Ng3 Qg5 27. Bxg6 Nh3+ 28. gxh3 Qxd2 29. Bf5 gxf3 30. Nh5+ Kh8 31. d5 Nd4 32. Rad1 Rxe1+ 33. Rxe1 Ne2+ 34. Kh1 Qxd5 35. Bg4 f5 0-1


[Site "https://www.chess.com"]

[Event "Titled Tuesday Blitz April 05 Late 2022"]
[White "Hernandez Bermudez, Ulises Eduardo"]
[Black "Brizzi, Milagros Tatiana"]
[WhiteFideId "3902510"]
[BlackFideId "128350"]
[WhiteElo "2056"]
[BlackElo "1844"]
[Result "1/2-1/2"]
[Round "11"]
[TimeControl "180+1"]
[Date "2022.04.06"]
[WhiteClock "0:00:48"]
[BlackClock "0:00:35"]

1. e4 c6 2. d4 d5 3. e5 Bf5 4. h4 h5 5. Bd3 Bxd3 6. Qxd3 e6 7. Nf3 Be7 8. g3 Nh6 9. O-O Nf5 10. Kg2 c5 11. c3 Nc6 12. a3 Qb6 13. Rd1 Rc8 14. b4 cxd4 15. cxd4 O-O 16. Bb2 a5 17. b5 Na7 18. a4 Rc7 19. Nbd2 Rfc8 20. Rdc1 Bb4 21. Nb3 Rxc1 22. Rxc1 Rxc1 23. Bxc1 Qc7 24. Bd2 Bxd2 25. Qxd2 b6 26. Ne1 Nc8 27. Qc2 Qc4 28. Nd2 Qxc2 29. Nxc2 f6 30. f4 Kf7 31. Kf3 Nce7 32. Nf1 Ke8 33. Nfe3 Kd7 34. Nd1 1/2-1/2


[Site "https://www.chess.com"]

[Event "Titled Tuesday Blitz April 05 Late 2022"]
[White "Herrera Reyes, Jose Antonio"]
[Black "Mikhailov, Viacheslav"]
[WhiteFideId "2274914"]
[BlackFideId "4187369"]
[WhiteElo "2361"]
[BlackElo "2381"]
[Result "1-0"]
[Round "11"]
[TimeControl "180+1"]
[Date "2022.04.05"]
[WhiteClock "0:01:20"]
[BlackClock "0:00:34"]

1. Nf3 Nf6 2. g3 g6 3. Bg2 Bg7 4. d3 O-O 5. Nc3 d5 6. h4 c6 7. Bg5 Bg4 8. Qd2 Nbd7 9. Bh6 Qb6 10. Bxg7 Kxg7 11. h5 Bxf3 12. Bxf3 d4 13. hxg6 dxc3 14. Qh6+ Kg8 15. g7 cxb2 16. Rb1 Rfd8 17. Be4 Qxf2+ 18. Kd1 Qf1+ 19. Rxf1 Nxe4 20. dxe4 Nf6+ 21. Ke1 Nxe4 22. Rxb2 Rd6 23. Qf4 Nf6 24. Rxb7 Re6 25. Rb8+ Rxb8 26. Qxb8+ Kxg7 27. Qxa7 Nd5 28. Qd4+ f6 29. a4 Kf7 30. a5 Nc7 31. Qc4 Ke8 32. Rh1 1-0


[Site "https://www.chess.com"]

[Event "Titled Tuesday Blitz April 05 Late 2022"]
[White "Hess, Robert"]
[Black "Do Valle Cardoso, Lucas"]
[WhiteFideId "2022036"]
[BlackFideId "2163144"]
[WhiteElo "2557"]
[BlackElo "2331"]
[Result "1-0"]
[Round "11"]
[TimeControl "180+1"]
[Date "2022.04.05"]
[WhiteClock "0:00:08"]
[BlackClock "0:00:09"]

1. b3 Nf6 2. Bb2 g6 3. d3 Bg7 4. Nd2 O-O 5. h3 d5 6. e3 c5 7. Ne2 Nc6 8. g4 e5 9. Bg2 Re8 10. Ng3 d4 11. Bxc6 bxc6 12. Nde4 Nxe4 13. Nxe4 f5 14. gxf5 gxf5 15. Ng3 dxe3 16. fxe3 Qh4 17. Rg1 Qh6 18. Qe2 Kh8 19. Nh5 Bf8 20. Kd2 Bd7 21. Qg2 Bd6 22. Qg7+ Qxg7 23. Rxg7 Rad8 24. Rag1 Re6 25. R1g5 Rh6 26. h4 Rxh5 27. Rxd7 Rxd7 28. Rxh5 Rf7 29. Rh6 Bf8 30. Rxc6 Kg8 31. Bxe5 Rg7 32. Bxg7 1-0


[Site "https://www.chess.com"]

[Event "Titled Tuesday Blitz April 05 Late 2022"]
[White "Hnydiuk, Aleksander"]
[Black "Arabidze, Meri"]
[WhiteFideId "1109057"]
[BlackFideId "13604040"]
[WhiteElo "2374"]
[BlackElo "2335"]
[Result "0-1"]
[Round "11"]
[TimeControl "180+1"]
[Date "2022.04.05"]
[WhiteClock "0:00:03"]
[BlackClock "0:00:20"]

1. e4 c5 2. Nf3 e6 3. d4 cxd4 4. Nxd4 Nc6 5. Nc3 a6 6. Nxc6 bxc6 7. Bd3 d5 8. O-O Nf6 9. Qf3 Be7 10. Qg3 O-O 11. Bh6 Ne8 12. Bf4 Bh4 13. Qf3 Bg5 14. Bxg5 Qxg5 15. Na4 Nf6 16. c4 Rb8 17. Rfe1 Rd8 18. Rac1 e5 19. cxd5 cxd5 20. exd5 Nxd5 21. Rc5 Bb7 22. Be4 Nf4 23. Bxb7 Nd3 24. h4 Qe7 25. Rec1 Nxc1 26. Bd5 Rbc8 27. b4 Rxc5 28. bxc5 Ne2+ 29. Qxe2 Rxd5 30. g3 Qe6 0-1


[Site "https://www.chess.com"]

[Event "Titled Tuesday Blitz April 05 Late 2022"]
[White "Hoffmann, Asa"]
[Black "Vovk, Orest"]
[WhiteFideId "2001470"]
[BlackFideId "14113490"]
[WhiteElo "2377"]
[BlackElo "2509"]
[Result "0-1"]
[Round "11"]
[TimeControl "180+1"]
[Date "2022.04.06"]
[WhiteClock "0:00:48"]
[BlackClock "0:00:20"]

1. d4 e5 2. Nf3 e4 3. Nfd2 e3 4. fxe3 d5 5. c4 Nf6 6. Nc3 Be7 7. cxd5 O-O 8. e4 c6 9. dxc6 Nxc6 10. Nf3 Bb4 11. e5 Nd5 12. Qb3 Qa5 13. Bd2 Be6 14. Qc2 Rac8 15. e4 Nb6 16. a3 Rfd8 17. d5 Nxd5 18. exd5 Bxd5 19. Bd3 Bxf3 20. gxf3 Nd4 21. Bxh7+ Kh8 22. Qe4 Nb3 23. Rd1 Nxd2 24. Rxd2 Bxc3 25. bxc3 Qxc3 26. Qc2 Qxf3 27. Rxd8+ Rxd8 28. Rf1 Qe3+ 29. Qe2 Qc3+ 30. Kf2 Rd2 31. Be4 Qd4+ 32. Kf3 Rxe2 33. Kxe2 Qxe4+ 34. Kf2 Qxe5 35. Re1 Qxe1+ 36. Kxe1 b5 37. Kd2 a5 38. Kc3 Kh7 39. Kd4 b4 40. a4 Kh6 41. Kc4 Kh5 42. Kb5 b3 43. Kxa5 b2 0-1


[Site "https://www.chess.com"]

[Event "Titled Tuesday Blitz April 05 Late 2022"]
[White "Ibarra Jerez, Jose Carlos"]
[Black "Barbosa, Evandro Amorim"]
[WhiteFideId "2226332"]
[BlackFideId "2115824"]
[WhiteElo "2626"]
[BlackElo "2454"]
[Result "0-1"]
[Round "11"]
[TimeControl "180+1"]
[Date "2022.04.05"]
[WhiteClock "0:00:06"]
[BlackClock "0:01:24"]

1. d4 Nf6 2. Nc3 d5 3. Bf4 e6 4. e3 Be7 5. Nf3 O-O 6. Bd3 c5 7. dxc5 Nc6 8. O-O Bxc5 9. e4 h6 10. exd5 exd5 11. Ne5 Re8 12. Nxc6 bxc6 13. Na4 Bf8 14. c4 Be6 15. Qc2 dxc4 16. Bxc4 Bxc4 17. Qxc4 Re4 18. Qxc6 Rxf4 19. b3 Qe8 20. Qb7 Rb4 21. Qa6 Qb5 22. Qxb5 Rxb5 23. Rac1 Rb7 24. Rc6 Rd7 25. Ra6 Rc8 26. g3 Rc2 27. Kg2 Rxa2 28. Rc6 Ng4 29. Rc3 Rdd2 30. Rf3 Rac2 31. h3 Ne5 32. Re3 Nd3 33. Rf3 Be7 34. h4 Bf6 35. g4 Bd4 36. Kg3 Be5+ 37. Kg2 Nf4+ 38. Kg1 g5 39. hxg5 hxg5 40. Re1 Bd4 0-1


[Site "https://www.chess.com"]

[Event "Titled Tuesday Blitz April 05 Late 2022"]
[White "Iskusnyh, Sergei"]
[Black "Quintiliano Pinto, Renato R."]
[WhiteFideId "4120027"]
[BlackFideId "2117568"]
[WhiteElo "2492"]
[BlackElo "2439"]
[Result "0-1"]
[Round "11"]
[TimeControl "180+1"]
[Date "2022.04.05"]
[WhiteClock "0:00:17"]
[BlackClock "0:01:06"]

1. d4 Nf6 2. c4 e6 3. g3 d5 4. Bg2 Be7 5. Nf3 O-O 6. O-O dxc4 7. Qa4 c6 8. Qxc4 b5 9. Qc2 Bb7 10. Nc3 Nbd7 11. Bg5 a6 12. Rad1 Qb6 13. Ne5 Rfe8 14. Nxd7 Nxd7 15. Bxe7 Rxe7 16. Ne4 Qc7 17. b4 a5 18. a3 axb4 19. axb4 Nb6 20. Nc5 Nc4 21. Ra1 Ree8 22. Qc3 h6 23. e3 Red8 24. h4 e5 25. dxe5 Rxa1 26. Rxa1 Bc8 27. f4 Bg4 28. Nb3 Qb6 29. Nd4 Nxe3 30. Qxe3 Qxd4 31. Qxd4 Rxd4 32. Bxc6 Rxb4 33. Ra8+ Kh7 34. Rb8 Rb1+ 35. Kf2 Rb2+ 36. Ke1 b4 37. Be4+ g6 38. Rb7 Re2+ 39. Kf1 Rxe4 40. Rxf7+ Kg8 41. Rb7 h5 42. Kf2 Re2+ 43. Kf1 Re3 44. Kf2 Rf3+ 45. Kg2 b3 46. e6 Re3 47. Rb8+ Kg7 48. e7 Rxe7 49. Rxb3 Be6 50. Rb5 Bf5 51. Kf2 Rd7 52. Rb2 Rc7 53. Rb6 Kf7 54. Rd6 Be6 55. Rd2 Rc3 56. Rb2 Kf6 57. Kg2 Rb3 58. Rd2 Kf5 59. Re2 Bd5+ 60. Kh2 Kg4 61. Re5 Rb2+ 62. Kg1 Bf3 63. Rg5+ Kh3 64. Rxg6 Bg4 65. Rg5 Kxg3 66. Rb5 Rxb5 0-1


[Site "https://www.chess.com"]

[Event "Titled Tuesday Blitz April 05 Late 2022"]
[White "Jaferian, Koosha"]
[Black "Janturin, Artur"]
[WhiteFideId "12507440"]
[BlackFideId "4130022"]
[WhiteElo "2539"]
[BlackElo "2367"]
[Result "1-0"]
[Round "11"]
[TimeControl "180+1"]
[Date "2022.04.06"]
[WhiteClock "0:00:56"]
[BlackClock "0:00:17"]

1. Nf3 b6 2. g3 Bb7 3. Bg2 g6 4. d4 Bg7 5. b3 Nf6 6. Bb2 O-O 7. O-O d6 8. c4 Nbd7 9. Nc3 e6 10. Qd2 Qe7 11. Rfd1 Rae8 12. Rac1 e5 13. e3 h5 14. dxe5 dxe5 15. Nb5 Nc5 16. Ne1 Bxg2 17. Kxg2 Nfe4 18. Qe2 a6 19. Nc3 h4 20. Nd5 Qd6 21. f3 Nf6 22. e4 Qc6 23. Nd3 Nxd3 24. Rxd3 Nd7 25. b4 Qb7 26. Rcd1 c6 27. Ne3 Nf6 28. Rd6 b5 29. c5 Nh5 30. Rd7 Qc8 31. Qd3 Bf6 32. Qd6 Kg7 33. Ng4 Re6 34. Qd2 Rh8 35. Qd3 Qa8 36. Qb3 a5 37. Qxe6 1-0


[Site "https://www.chess.com"]

[Event "Titled Tuesday Blitz April 05 Late 2022"]
[White "Jarocka, Liwia"]
[Black "Yurtseven, Melih"]
[WhiteFideId "21807558"]
[BlackFideId "6312160"]
[WhiteElo "2374"]
[BlackElo "2482"]
[Result "0-1"]
[Round "11"]
[TimeControl "180+1"]
[Date "2022.04.06"]
[WhiteClock "0:00:29"]
[BlackClock "0:00:53"]

1. e4 c6 2. d4 d5 3. Nd2 dxe4 4. Nxe4 Nf6 5. Nxf6+ exf6 6. c3 Bd6 7. Bd3 O-O 8. Ne2 Re8 9. Qc2 h5 10. Be3 h4 11. O-O-O b5 12. Kb1 a5 13. Rhe1 b4 14. c4 a4 15. Qd2 Bc7 16. Bf4 Ba5 17. Qc1 b3 18. Bd2 Bxd2 19. Qxd2 a3 20. axb3 axb2 21. Qxb2 Na6 22. Nc1 Nb4 23. Qd2 Rb8 24. Na2 Nxa2 25. Kxa2 Be6 26. Bc2 Re7 27. d5 cxd5 28. cxd5 Rd7 29. Be4 f5 30. Bf3 Qb6 31. Qc2 Rc7 32. Qd2 Qxb3+ 33. Ka1 0-1


[Site "https://www.chess.com"]

[Event "Titled Tuesday Blitz April 05 Late 2022"]
[White "Javakhadze, Zurab"]
[Black "Ovetchkin, Roman"]
[WhiteFideId "13603647"]
[BlackFideId "4119991"]
[WhiteElo "2381"]
[BlackElo "2409"]
[Result "0-1"]
[Round "11"]
[TimeControl "180+1"]
[Date "2022.04.05"]
[WhiteClock "0:00:06"]
[BlackClock "0:00:33"]

1. d4 Nf6 2. c4 g6 3. Nc3 Bg7 4. e4 d6 5. Nf3 O-O 6. Be2 e5 7. Be3 Ng4 8. Bg5 f6 9. Bc1 Nc6 10. O-O exd4 11. Nxd4 f5 12. Nxc6 bxc6 13. h3 Ne5 14. exf5 gxf5 15. Bf4 Ng6 16. Qd2 Rb8 17. Bg5 Rxb2 18. Qc1 Qe8 19. Qxb2 f4 20. Bf3 Qe5 21. h4 Qxc3 22. Qxc3 Bxc3 23. Rac1 Bd4 24. Bxc6 Kg7 25. h5 Ne5 26. Be4 h6 27. Bh4 Bg4 28. Kh2 Bxh5 29. f3 Bf7 30. Bd5 Bg6 31. Rcd1 Bb6 32. Bf2 Nd3 33. Bxb6 axb6 34. Be4 Bxe4 35. fxe4 Ne5 36. Rb1 Kg6 37. Rfc1 Kg5 38. Rc3 Ra8 39. a3 Ra4 40. Rb4 Ra8 41. Rb1 h5 42. Kg1 Kg4 43. Kf2 Rf8 44. Rh1 h4 45. Rch3 Ng6 46. Rd1 Ra8 47. Rd5 Ne5 48. Rd1 Nxc4 49. Rdh1 Rh8 50. Rc3 b5 51. a4 c6 52. axb5 cxb5 53. Rb1 Ra8 54. Rxb5 Ra2+ 55. Ke1 Ne3 56. Rc8 Nxg2+ 57. Kd1 Ne3+ 58. Kc1 h3 59. Rg8+ Kf3 60. Kb1 Re2 61. Rh5 h2 62. Rgh8 Ng4 63. Rh3+ Kg2 64. R3h4 Re1+ 65. Kb2 h1=Q 66. Rxg4+ Kf3 67. Rxh1 Rxh1 68. Rg6 Kxe4 69. Rxd6 f3 70. Re6+ Kd3 71. Rf6 Ke2 72. Kc2 f2 73. Re6+ Kf3 74. Rf6+ Ke3 75. Re6+ Kd4 76. Rf6 f1=Q 0-1


[Site "https://www.chess.com"]

[Event "Titled Tuesday Blitz April 05 Late 2022"]
[White "Karttunen, Mika"]
[Black "Danilov, Vladimir"]
[WhiteFideId "502081"]
[BlackFideId "1203398"]
[WhiteElo "2343"]
[BlackElo "2227"]
[Result "1-0"]
[Round "11"]
[TimeControl "180+1"]
[Date "2022.04.05"]
[WhiteClock "0:00:09"]
[BlackClock "0:00:04"]

1. d4 d5 2. c4 c6 3. Nc3 e6 4. Nf3 dxc4 5. e4 b5 6. e5 h6 7. Be2 Bb7 8. O-O a6 9. a4 Ne7 10. b3 cxb3 11. Qxb3 Nf5 12. Be3 Be7 13. Bd3 O-O 14. Be4 Nd7 15. Rab1 Nb6 16. axb5 axb5 17. Nxb5 cxb5 18. Bxb7 Rb8 19. Be4 b4 20. Rfc1 Nxe3 21. fxe3 Bg5 22. Kf2 Kh8 23. g3 Nc8 24. h4 Be7 25. Rc4 Nb6 26. Rc6 Nd7 27. Bc2 Re8 28. Qd3 Nf8 29. Ba4 Qa5 30. Qb3 Rec8 31. Rcc1 Rxc1 32. Rxc1 Qa7 33. Bc6 Rc8 34. Rc2 Qb6 35. Be4 Rxc2+ 36. Bxc2 Qc6 37. Qd3 h5 38. Qe4 Qxe4 39. Bxe4 g6 40. Ke2 Nd7 41. Kd3 Nb6 42. Nd2 Kg7 43. Nb3 Kh6 44. Bf3 g5 45. hxg5+ Kxg5 46. e4 h4 47. gxh4+ Kxh4 48. d5 exd5 49. exd5 Kg5 50. d6 Bd8 51. Ke4 Nd7 52. Be2 Nf8 53. Bc4 f6 54. e6 f5+ 55. Kd5 Ng6 56. Nd4 Kf6 57. Kc6 Nf4 58. Kd7 Bb6 59. e7 Bxd4 60. e8=Q Bc3 61. Qe7+ Kg6 62. Bf7+ Kh6 63. Qh4+ Kg7 64. Bb3 Ng6 65. Qg5 Bd2 66. Qxf5 Bc3 67. Qf7+ Kh6 68. Qf1 Kg5 69. Ke8 Ne5 70. d7 Nxd7 71. Kxd7 Be5 72. Ke6 Bf4 73. Qf3 Bc7 74. Qg2+ Kh4 75. Kf5 Bg3 76. Bc2 b3 77. Bxb3 Kh5 78. Qh3+ Bh4 79. Qg4+ Kh6 80. Qg6# 1-0


[Site "https://www.chess.com"]

[Event "Titled Tuesday Blitz April 05 Late 2022"]
[White "Kazakouski, Valery"]
[Black "He, Anthony"]
[WhiteFideId "13507443"]
[BlackFideId "2088215"]
[WhiteElo "2524"]
[BlackElo "2415"]
[Result "1-0"]
[Round "11"]
[TimeControl "180+1"]
[Date "2022.04.05"]
[WhiteClock "0:00:06"]
[BlackClock "0:00:03"]

1. d4 Nf6 2. c4 g6 3. g3 Bg7 4. Bg2 d5 5. cxd5 Nxd5 6. Nf3 O-O 7. O-O Nb6 8. Nc3 Nc6 9. e3 Re8 10. h3 a5 11. Qe2 e5 12. dxe5 Nxe5 13. Nxe5 Bxe5 14. e4 Qe7 15. f4 Bxc3 16. bxc3 Bf5 17. Re1 Rad8 18. Be3 Be6 19. Qf2 Nc4 20. Bd4 b6 21. f5 c5 22. fxe6 cxd4 23. cxd4 Qxe6 24. e5 b5 25. d5 Rxd5 26. Bxd5 Qxd5 27. Rad1 Qe6 28. Qf6 Qxh3 29. Rd3 Qe6 30. Qxe6 Rxe6 31. Rd5 Rb6 32. Re4 a4 33. Kf2 Kg7 34. Ke2 h5 35. Kd3 Na5 36. Rb4 Re6 37. Rbxb5 Nc6 38. Ke4 Na7 39. Ra5 Nc8 40. Kf4 Kh6 41. Rd7 g5+ 42. Ke4 Kg6 43. Rc5 Re8 44. Rdc7 Ne7 45. Ra5 h4 46. gxh4 gxh4 47. Ra6+ Kg5 48. Rc1 Ng6 49. Rg1+ Kh5 50. Ra5 h3 51. Kf3 Nxe5+ 52. Kf4 f6 53. Rh1 Kh4 54. Kf5 Ng4 55. Rxa4 Re5+ 56. Kf4 h2 57. Kf3 Rf5+ 58. Rf4 Rg5 59. Rxh2# 1-0


[Site "https://www.chess.com"]

[Event "Titled Tuesday Blitz April 05 Late 2022"]
[White "Keymer, Vincent"]
[Black "Dubov, Daniil"]
[WhiteFideId "12940690"]
[BlackFideId "24126055"]
[WhiteElo "2557"]
[BlackElo "2791"]
[Result "1-0"]
[Round "11"]
[TimeControl "180+1"]
[Date "2022.04.05"]
[WhiteClock "0:00:07"]
[BlackClock "0:00:05"]

1. Nf3 e6 2. c4 c5 3. g3 b6 4. Bg2 Bb7 5. O-O Nf6 6. d4 cxd4 7. Qxd4 Be7 8. Nc3 O-O 9. b3 d6 10. Rd1 Nbd7 11. Bb2 a6 12. g4 e5 13. Qd2 Nxg4 14. Nxe5 dxe5 15. Qxd7 Qxd7 16. Rxd7 Bxg2 17. Kxg2 Bc5 18. Ne4 a5 19. a4 Rfe8 20. h3 Nf6 21. Nxf6+ gxf6 22. Rad1 f5 23. Kf3 Kg7 24. R1d5 Kf6 25. Rc7 Re6 26. Rxe5 Rxe5 27. Rc6+ Ke7 28. Bxe5 Rg8 29. Rh6 Rg1 30. Bf6+ Kd7 31. Rxh7 Rb1 32. e3 Rxb3 33. h4 Rb4 34. h5 Ke6 35. Rh6 Rxc4 36. Bd4+ Ke7 37. Bf6+ Ke6 38. Bg5+ Kd7 39. Rf6 Rg4 40. Rxf5 Ke6 41. Kxg4 1-0


[Site "https://www.chess.com"]

[Event "Titled Tuesday Blitz April 05 Late 2022"]
[White "Kobalia, Mikhail"]
[Black "Tanenbaum, Zachary"]
[WhiteFideId "4119150"]
[BlackFideId "2060850"]
[WhiteElo "2667"]
[BlackElo "2168"]
[Result "0-1"]
[Round "11"]
[TimeControl "180+1"]
[Date "2022.04.05"]
[WhiteClock "0:00:03"]
[BlackClock "0:00:10"]

1. e4 e5 2. Nf3 Nc6 3. Bb5 a6 4. Ba4 d6 5. O-O Nf6 6. Re1 Be7 7. d4 b5 8. Bb3 Nxd4 9. Nxd4 exd4 10. a4 Bb7 11. c3 dxc3 12. Nxc3 O-O 13. f3 b4 14. Nd5 Nxd5 15. Bxd5 c6 16. Bb3 Bf6 17. Rb1 c5 18. Be3 Qc7 19. Bc4 a5 20. Qb3 Rfe8 21. Rbd1 Re7 22. Rd3 Rd8 23. Red1 Bc8 24. Bf4 Bd4+ 25. Kh1 Be6 26. Be3 Bxc4 27. Qxc4 Bxb2 28. Qxc5 Qxc5 29. Bxc5 Red7 30. Bb6 Ra8 31. g3 f6 32. Rd5 Ra6 33. Rb5 Bc3 34. Bxa5 Rda7 35. Bb6 Rb7 36. a5 b3 37. Rxb3 Bxa5 38. Ra1 Raxb6 39. Rxb6 Bxb6 40. Rb1 Kf7 41. Kg2 Ke6 42. f4 Kd7 43. Kf3 Kc6 44. Kg4 Bc5 45. Ra1 Rb2 46. h4 Rb3 47. Ra2 Re3 48. h5 Rxe4 49. h6 g6 50. Ra8 f5+ 51. Kg5 Bd4 52. Rc8+ Kd5 53. Rb8 Re6 54. Rf8 Ke4 55. Rf7 Bf2 56. Rxh7 Bxg3 57. Rh8 Bxf4+ 58. Kh4 Bxh6 59. Rxh6 g5+ 0-1


[Site "https://www.chess.com"]

[Event "Titled Tuesday Blitz April 05 Late 2022"]
[White "Kohler, Aran"]
[Black "D`Arruda, Ricardo D."]
[WhiteFideId "1002856"]
[BlackFideId "100692"]
[WhiteElo "2316"]
[BlackElo "2233"]
[Result "1/2-1/2"]
[Round "11"]
[TimeControl "180+1"]
[Date "2022.04.06"]
[WhiteClock "0:00:10"]
[BlackClock "0:00:18"]

1. e4 c5 2. b4 cxb4 3. d4 e6 4. Nf3 d5 5. e5 Ne7 6. a3 bxa3 7. Bxa3 Nf5 8. Bxf8 Kxf8 9. Bd3 g6 10. O-O Kg7 11. Nc3 Nc6 12. Nb5 a6 13. Bxf5 exf5 14. Nd6 Rb8 15. c4 Be6 16. c5 g5 17. Qa4 Qe7 18. Rfb1 Nd8 19. Rb6 g4 20. Ne1 h5 21. Rab1 h4 22. Nd3 g3 23. fxg3 hxg3 24. hxg3 Qg5 25. Qd1 Qxg3 26. Qf3 Qh4 27. Nf4 Rh6 28. Kf1 Kh8 29. Ke2 Nc6 30. Rxc6 bxc6 31. Rxb8+ Kh7 32. Nxe6 fxe6 33. Rb7+ Kg8 34. Rb8+ Kh7 35. Rb7+ Kg8 36. Rb8+ Kh7 1/2-1/2


[Site "https://www.chess.com"]

[Event "Titled Tuesday Blitz April 05 Late 2022"]
[White "Korchmar, Vasiliy"]
[Black "Papp, Levente"]
[WhiteFideId "24131750"]
[BlackFideId "751243"]
[WhiteElo "2370"]
[BlackElo "2308"]
[Result "1-0"]
[Round "11"]
[TimeControl "180+1"]
[Date "2022.04.05"]
[WhiteClock "0:01:54"]
[BlackClock "0:00:31"]

1. d4 Nf6 2. Bf4 d5 3. e3 c5 4. Nf3 Nc6 5. Nbd2 e6 6. c3 Nh5 7. Bg5 Qb6 8. Rb1 h6 9. Bh4 g5 10. Ne5 Ng7 11. Bg3 Nf5 12. Qh5 Nd8 13. Bd3 Nxg3 14. hxg3 Bg7 15. Ndf3 Bd7 16. Bg6 Ke7 17. Bxf7 Kd6 18. Qg6 Bxe5 19. Nxe5 Qa6 20. dxc5+ Kc7 21. Qg7 Qxa2 22. O-O Nxf7 23. Qxf7 Rad8 24. c6 bxc6 25. Ra1 Qxb2 26. Rfb1 Qxc3 27. Rxa7+ Kd6 28. Rxd7+ Kc5 29. Qe7# 1-0


[Site "https://www.chess.com"]

[Event "Titled Tuesday Blitz April 05 Late 2022"]
[White "Kosteniuk, Alexandra"]
[Black "Rorrer, Grayson"]
[WhiteFideId "4128125"]
[BlackFideId "30944996"]
[WhiteElo "2469"]
[BlackElo "2122"]
[Result "1-0"]
[Round "11"]
[TimeControl "180+1"]
[Date "2022.04.05"]
[WhiteClock "0:01:06"]
[BlackClock "0:00:10"]

1. e4 e5 2. Nf3 Nc6 3. Bc4 Nf6 4. d4 exd4 5. e5 d5 6. Bb5 Nd7 7. O-O Be7 8. c3 dxc3 9. Nxc3 a6 10. Bxc6 bxc6 11. e6 fxe6 12. Nd4 Nb8 13. Qh5+ g6 14. Qe2 Qd6 15. Bh6 e5 16. Nb3 Bf8 17. Be3 Bg7 18. Bc5 Qe6 19. Rfe1 Nd7 20. Nd4 Qf6 21. Ba3 Bf8 22. f4 e4 23. Nxe4 Qxd4+ 24. Nf2+ Kf7 25. Rad1 Qc4 26. Qe8+ Kg7 27. Re7+ Bxe7 28. Qxe7+ Kh6 29. Ng4+ 1-0


[Site "https://www.chess.com"]

[Event "Titled Tuesday Blitz April 05 Late 2022"]
[White "Kozak, Antoni"]
[Black "Degardin, Sylvain"]
[WhiteFideId "21832030"]
[BlackFideId "20623070"]
[WhiteElo "2610"]
[BlackElo "2502"]
[Result "1-0"]
[Round "11"]
[TimeControl "180+1"]
[Date "2022.04.06"]
[WhiteClock "0:00:22"]
[BlackClock "0:00:02"]

1. e4 c5 2. Nf3 Nc6 3. d4 cxd4 4. Nxd4 Nf6 5. Nc3 e5 6. Nxc6 bxc6 7. Bc4 Bb4 8. Qf3 O-O 9. O-O h6 10. Bb3 Bb7 11. Rd1 Qe7 12. a3 Bxc3 13. bxc3 d5 14. exd5 cxd5 15. a4 Rfd8 16. Re1 Ne4 17. Qg4 Qf6 18. f3 Nxc3 19. Bb2 Rac8 20. Qb4 Qb6+ 21. Qxb6 axb6 22. Rxe5 Rd7 23. Rae1 d4 24. Bxc3 Rxc3 25. Re7 Rxe7 26. Rxe7 d3 27. Rxb7 dxc2 28. Bxc2 Rxc2 29. Rxb6 Ra2 30. Rb4 h5 31. h4 g6 32. Kh2 Kg7 33. Kg3 Kh7 34. Rc4 Kg7 35. Kh3 Kf6 36. g4 hxg4+ 37. fxg4 Kg7 38. g5 Kh7 39. Kg4 Kg7 40. Kf4 Kh7 41. Ke5 Kg7 42. Kd5 Kh7 43. Kc5 Kg7 44. Rb4 Kh7 45. Kb5 Kg7 46. a5 Re2 47. a6 Re5+ 48. Ka4 Re6 49. Ka5 Re5+ 50. Rb5 Re8 51. a7 Ra8 52. Ka6 1-0


[Site "https://www.chess.com"]

[Event "Titled Tuesday Blitz April 05 Late 2022"]
[White "Kozin, Yuri"]
[Black "Ilyasli, Ughur"]
[WhiteFideId "4129920"]
[BlackFideId "13416197"]
[WhiteElo "2504"]
[BlackElo "2421"]
[Result "1-0"]
[Round "11"]
[TimeControl "180+1"]
[Date "2022.04.06"]
[WhiteClock "0:00:52"]
[BlackClock "0:00:12"]

1. e4 c5 2. Nf3 d6 3. d4 cxd4 4. Nxd4 Nf6 5. Nc3 a6 6. Be3 e5 7. Nf3 Be7 8. Bc4 Be6 9. Bxe6 fxe6 10. O-O Nc6 11. Ng5 Qd7 12. Na4 Bd8 13. Qf3 O-O 14. Qh3 Re8 15. Rad1 Nd4 16. Bxd4 Qxa4 17. Be3 Qxa2 18. Rxd6 h6 19. Nxe6 Nxe4 20. Qg4 Bf6 21. Nxg7 Bxg7 22. Qxe4 Rad8 23. Rg6 Qd5 24. Qg4 Qd7 25. Qc4+ Kh7 26. Qe4 Qd5 27. Rxh6+ Kg8 28. Qh7+ Kf8 29. Rg6 Qf7 30. Rxg7 Qxg7 31. Bh6 Re7 32. Bxg7+ Rxg7 33. Qf5+ Kg8 34. Qxe5 Rf8 35. g3 Rgf7 36. h4 Rf5 37. Qe6+ Kg7 38. Rd1 R5f6 39. Rd7+ Kh6 40. Qe3+ Kg6 41. Qe4+ Kh6 42. Rh7# 1-0


[Site "https://www.chess.com"]

[Event "Titled Tuesday Blitz April 05 Late 2022"]
[White "Kujawski, Adam"]
[Black "Moral Garcia, Serafin"]
[WhiteFideId "1100920"]
[BlackFideId "2201925"]
[WhiteElo "2348"]
[BlackElo "2494"]
[Result "1-0"]
[Round "11"]
[TimeControl "180+1"]
[Date "2022.04.06"]
[WhiteClock "0:00:02"]
[BlackClock "0:01:09"]

1. e4 c5 2. Nf3 e6 3. d4 cxd4 4. Nxd4 Nc6 5. Nc3 Qc7 6. Qd3 a6 7. Nxc6 Qxc6 8. Bd2 b5 9. O-O-O Bb7 10. f3 d6 11. Kb1 Nf6 12. h4 Nd7 13. h5 Ne5 14. Qe3 Be7 15. h6 g6 16. Qd4 Bf6 17. f4 Ng4 18. e5 dxe5 19. fxe5 Nxe5 20. Bg5 Bxg5 21. Qxe5 f6 22. Qg3 O-O 23. Bd3 Rad8 24. Rhe1 Qd6 25. Qg4 Qf4 26. Qxe6+ Kh8 27. Qe7 Bxh6 28. Qxb7 b4 29. Ne4 f5 30. Rf1 Qe5 31. Nf2 Bg7 32. c3 bxc3 33. Rfe1 Qe6 34. Rxe6 c2+ 35. Bxc2 Rb8 36. Qxb8 Rxb8 37. b3 Rc8 38. Red6 1-0


[Site "https://www.chess.com"]

[Event "Titled Tuesday Blitz April 05 Late 2022"]
[White "Lashkin, Jegor"]
[Black "Domingo Nunez, Alejandro"]
[WhiteFideId "13907808"]
[BlackFideId "22245561"]
[WhiteElo "2368"]
[BlackElo "2215"]
[Result "1-0"]
[Round "11"]
[TimeControl "180+1"]
[Date "2022.04.05"]
[WhiteClock "0:00:06"]
[BlackClock "0:00:12"]

1. Nf3 g6 2. d4 Bg7 3. b3 b6 4. Bb2 Bb7 5. e3 d6 6. Be2 Nd7 7. O-O Ngf6 8. c4 O-O 9. Nc3 Ne4 10. Qc2 Nxc3 11. Bxc3 e6 12. Rac1 Qe7 13. Rfd1 a5 14. a3 f5 15. b4 axb4 16. axb4 Be4 17. Qb3 f4 18. exf4 Rxf4 19. Bd2 Rf5 20. Qe3 Bb7 21. Ra1 Rff8 22. Ng5 e5 23. d5 b5 24. Ne6 bxc4 25. Nxf8 Rxf8 26. Bxc4 Qh4 27. Bb3 Nf6 28. Qg3 Qe4 29. Re1 Qf5 30. Ra7 Ne4 31. Bc2 Bxd5 32. Bxe4 Bxe4 33. Rxc7 Bf6 34. b5 Bd8 35. Rcc1 Bb6 36. Be3 Ba5 37. Red1 d5 38. Bc5 Re8 39. b6 d4 40. Qb3+ Kg7 41. Qb5 Bc3 42. Qxe8 Qg4 43. Qf8# 1-0


[Site "https://www.chess.com"]